 Dungeon Crawl Stone Soup version 0.30-a0-760-g5a9884b (webtiles) character file.

Game seed: 526534108588663471

8304 Illumine the Zephyrmancer (level 10, -4/79 HPs)
             Began as a Demigod Conjurer on Feb 10, 2023.
             Shot with an arrow by a centaur (7 damage)
             ... on level 9 of the Dungeon.
             The game lasted 00:17:35 (9687 turns).

Illumine the Zephyrmancer (Demigod Conjurer)        Turns: 9687, Time: 00:17:35

Health: -4/79      AC:  6    Str:  8    XL:     10   Next: 81%
Magic:  2/34       EV: 13    Int: 32    God:
Gold:   684        SH:  0    Dex: 12    Spells: 3/23 levels left

rFire   . . .      SeeInvis .    l - staff of air
rCold   . . .      Faith    .    (no shield)
rNeg    . . .      Spirit   .    a - +0 robe
rPois   .          Reflect  .    s - +0 helmet
rElec   +          Harm     .    C - +0 cloak
rCorr   .          Rampage  .    (no gloves)
Will    +....                    j - +1 pair of boots
Stlth   ++                       (no amulet)
HPRegen 0.33/turn                w - ring of magical power
MPRegen 0.24/turn                (no ring)

@: no status effects
A: high MP 1, forlorn, divine attributes
a: no special abilities


You were on level 9 of the Dungeon.
You visited 1 branch of the dungeon, and saw 9 of its levels.

You collected 684 gold pieces.

Inventory:

Hand Weapons
 x - a +2 dagger of venom
 F - a +0 demon whip of venom
Armour
 a - a +0 robe (worn)
 j - a +1 pair of boots (worn)
 s - a +0 helmet (worn)
 v - a +4 ring mail
 z - +0 acid dragon scales
 C - a +0 cloak (worn)
Magical Staves
 l - a staff of air (weapon)
Jewellery
 e - a ring of fire
 w - a ring of magical power (left hand)
Wands
 u - a wand of flame (10)
 E - a wand of iceblast (10)
Scrolls
 d - 2 scrolls of enchant armour {unknown}
 f - 2 scrolls of brand weapon
 h - a scroll of silence {unknown}
 i - a scroll of poison {unknown}
 m - 4 scrolls of magic mapping
 n - a scroll of butterflies {unknown}
 q - 2 scrolls of immolation
 r - a scroll of fear {unknown}
 t - 2 scrolls of teleportation
 y - a scroll of amnesia {unknown}
 A - a scroll of vulnerability {unknown}
 D - a scroll of fog {unknown}
 G - a scroll of blinking {unknown}
Potions
 b - 2 potions of magic
 c - 2 potions of mutation {unknown}
 g - 2 potions of might
 k - 4 potions of curing
 o - 3 potions of brilliance
 p - 3 potions of berserk rage
 B - a potion of haste {unknown}


   Skills:
 + Level 4.2 Fighting
 + Level 2.8 Staves
 + Level 4.7 Dodging
 - Level 1.7 Stealth
 + Level 7.3 Spellcasting
 + Level 7.4 Conjurations
 - Level 5.0 Summonings
 * Level 2.3 Necromancy
 - Level 8.1 Air Magic


You had 3 spell levels left.
You knew the following spells:

 Your Spells              Type           Power      Damage    Failure   Level
a - Magic Dart            Conj           100%       1d8       1%          1
b - Searing Ray           Conj           100%       2d8       1%          2
c - Airstrike             Air            38%        2d(6-22)  1%          4
d - Summon Lightning Spi  Summ/Air       69%        N/A       2%          4
e - Lightning Bolt        Conj/Air       37%        1d56      4%          5
f - Dispel Undead         Necr           26%        3d13      16%         4

Your spell library contained the following spells:

 Spells                   Type           Power      Damage    Failure   Level
 Cigotuvi's Dreadful Rot  Necr/Pois/Air  100%       N/A       1%          2
 Dazzling Flash           Conj/Hex       70%        N/A       2%          3
 Ignite Poison            Fire/Tmut/Pois 11%        N/A       12%         3
 Fulminant Prism          Conj/Hex       17%        3d10      9%          4
 Iskenderun's Mystic Bla  Conj/Tloc      35%        2d8       9%          4
 Sticky Flame             Conj/Fire      35%        2d5       9%          4
 Death Channel            Necr           13%        N/A       94%         6
 Ignition                 Fire           5%         3d4       100%        8


Dungeon Overview and Level Annotations

Branches:
Dungeon (9/15)             Temple (0/1) D:6             Orc (0/2) D:9
   Lair: D:8-11

Annotations:
D:6 1 runed translucent door, Crazy Yiuf
D:8 1 runed translucent door, MinotaursOnly's ghost, novice MiMo


Innate Abilities, Weirdness & Mutations

You have an increased reservoir of magic. (+10% MP)
You shall have no god before yourself.
Your divine heritage dramatically boosts your attributes as you level up.


Message History

Confirm with . or Enter, or press ? or * to list all spells.
Aiming: Lightning Bolt (dangerous; 4% risk of failure)
Press: ? - help, Shift-Dir - straight line You feel a surge of power!
The centaur shoots an arrow.
The arrow hits you! Something hits you but does no damage.
The centaur shoots an arrow.
The arrow hits you! Something hits you but does no damage.
Casting: Lightning Bolt (dangerous; 4% risk of failure)
Confirm with . or Enter, or press ? or * to list all spells.
Aiming: Lightning Bolt (dangerous; 4% risk of failure)
Press: ? - help, Shift-Dir - straight line You feel a surge of power!
The bolt of lightning hits something!!
Reactivating autopickup.
You feel a bit more experienced.
The centaur shoots an arrow.
The arrow hits you!
Casting: Lightning Bolt (dangerous; 4% risk of failure)
Confirm with . or Enter, or press ? or * to list all spells.
Aiming: Airstrike (dangerous; 1% risk of failure)
Press: ? - help, Dir - move target, f - centaur
Aim: a centaur, wielding a +0 shortbow (empty space bonus: 4/8)
You feel a surge of power!
The air twists around and strikes the centaur!
The centaur is moderately wounded.
The centaur shoots an arrow.
The arrow completely misses you.
The centaur shoots an arrow.
The arrow hits you.
Casting: Airstrike (dangerous; 1% risk of failure)
Confirm with . or Enter, or press ? or * to list all spells.
Aiming: Airstrike (dangerous; 1% risk of failure)
Press: ? - help, Dir - move target, f/p - centaur
Aim: a centaur, wielding a +0 shortbow (moderately wounded, empty space bonus: 4/8)
You feel a surge of power!
The air twists around and strikes the centaur.
The centaur is severely wounded.
The centaur shoots an arrow.
The arrow hits you!
* * * LOW HITPOINT WARNING * * *
The centaur shoots an arrow.
The arrow hits you.
* * * LOW HITPOINT WARNING * * *
The centaur shoots an arrow.
The arrow hits you!
* * * LOW HITPOINT WARNING * * *
The centaur shoots an arrow.
The arrow hits you!
You die...

.8.8..... c...#......#
......#### c..#......##
.⌠.8..#..#####..#.......#
......#......#..#.......# ..
.8.8..#......#..#.......# ...
###...#......##.#...#####....
......#.......#.#...'........
......#.......#.#####........
......'.......#.@............
......##......#.........#####
.......#†.....#.........#
##.....#......#.........#
.#.8.8.8......+..$......#
.##...........+.........#
..+8.8.8##+####.........#
..#.......# ..#+###...#
.8#.......#..#.. ...#


You could see a centaur.

Vanquished Creatures
  Amaemon (D:8)
  Pikel (D:8)
  Joseph (D:7)
  An orange demon (D:8)
  Maggie (D:6)
  An unseen horror (D:9)
  A troll (D:9)
  2 shadows
  4 yaks (D:8)
  2 steam dragons
  Menkaure (D:7)
  Edmund (D:6)
  4 sky beasts
  2 orc warriors
  2 ice beasts (D:6)
  A black bear (D:5)
  A centaur (D:6)
  2 ogres
  A kobold brigand (D:8)
  3 bullfrogs
  2 scorpions (D:5)
  3 necrophages
  A gnoll sergeant (D:9)
  16 killer bees
  A howler monkey (D:6)
  6 hounds
  3 jellies
  An orc priest (D:4)
  An iguana (D:6)
  An orc wizard (D:4)
  9 gnolls
  3 adders
  3 shadow imps
  A white imp (D:6)
  4 dart slugs
  11 orcs
  4 ball pythons
  7 endoplasms
  2 giant cockroaches
  7 hobgoblins
  8 jackals
  4 quokkas
  2 bats
  3 frilled lizards
  9 goblins
  4 kobolds (D:1)
  10 rats
159 creatures vanquished.

Vanquished Creatures (collateral kills)
  5 yaks (D:8)
  2 bullfrogs (D:8)
  13 killer bees (D:8)
  4 orc wizards
  A gnoll (D:7)
  7 river rats (D:8)
  10 orcs
  3 quokkas (D:8)
  7 rats (D:8)
52 creatures vanquished.

Vanquished Creatures (others)
  9 plants (D:8)
9 creatures vanquished.

Grand Total: 220 creatures vanquished

Notes
Turn   | Place    | Note
-------+----------+-------------------------------------------
     0 | D:1      | Illumine the Demigod Conjurer began the quest for the Orb.
     0 | D:1      | Reached XP level 1. HP: 14/14 MP: 5/5
   318 | D:1      | Reached XP level 2. HP: 20/20 MP: 3/7
   371 | D:1      | Learned a level 2 spell: Searing Ray
  1111 | D:1      | Reached XP level 3. HP: 26/26 MP: 6/9
  2440 | D:3      | Reached XP level 4. HP: 33/33 MP: 7/11
  2476 | D:3      | Learned a level 4 spell: Airstrike
  3040 | D:3      | Reached skill level 1 in Air Magic
  3258 | D:4      | Reached XP level 5. HP: 38/38 MP: 7/12
  3334 | D:4      | Reached skill level 2 in Air Magic
  3744 | D:4      | Reached skill level 5 in Conjurations
  3744 | D:4      | Reached XP level 6. HP: 37/45 MP: 11/14
  4023 | D:4      | Learned a level 4 spell: Summon Lightning Spire
  4054 | D:5      | Entered Level 5 of the Dungeon
  4137 | D:5      | Reached skill level 3 in Air Magic
  4223 | D:5      | Reached skill level 1 in Summonings
  4227 | D:5      | Reached skill level 4 in Air Magic
  4238 | D:5      | Reached XP level 7. HP: 43/50 MP: 16/16
  5131 | D:6      | Noticed Maggie
  5314 | D:6      | Reached skill level 5 in Air Magic
  5488 | D:6      | Killed Maggie
  5489 | D:6      | Reached skill level 5 in Spellcasting
  5489 | D:6      | Reached skill level 6 in Air Magic
  5489 | D:6      | Reached XP level 8. HP: 57/57 MP: 10/19
  5760 | D:6      | Learned a level 5 spell: Lightning Bolt
  5841 | D:6      | Found a staircase to the Ecumenical Temple.
  5972 | D:6      | Noticed Edmund
  5979 | D:6      | Killed Edmund
  6143 | D:6      | Found a runed translucent door.
  6144 | D:6      | Noticed Crazy Yiuf
  6528 | D:7      | Noticed Joseph
  6532 | D:7      | Reached XP level 9. HP: 62/62 MP: 19/21
  6535 | D:7      | Killed Joseph
  6536 | D:7      | Reached skill level 7 in Air Magic
  6871 | D:7      | Noticed Menkaure
  6882 | D:7      | Killed Menkaure
  6883 | D:7      | Reached skill level 5 in Summonings
  7357 | D:8      | Reached skill level 1 in Fighting
  7708 | D:8      | Found a runed translucent door.
  7739 | D:8      | Reached XP level 10. HP: 68/75 MP: 11/24
  7872 | D:8      | Noticed MinotaursOnly's ghost (novice MiMo)
  7872 | D:8      | Identified the +0 trident of Dissolution {protect, Stlth+}
  7940 | D:8      | Noticed Amaemon
  7943 | D:8      | Killed Amaemon
  7944 | D:8      | Reached skill level 1 in Staves
  8021 | D:8      | Noticed Pikel
  8027 | D:8      | Killed Pikel
  8028 | D:8      | Reached skill level 8 in Air Magic
  8130 | D:8      | Learned a level 4 spell: Dispel Undead
  8615 | D:8      | Reached skill level 1 in Necromancy
  9050 | D:9      | HP: 3/78 [troll (8)]
  9463 | D:9      | Found a staircase to the Orcish Mines.
  9687 | D:9      | HP: 3/79 [centaur/arrow (9)]
  9687 | D:9      | Shot with an arrow by a centaur

Illustrated notes

Levels and vault maps discovered:
D:1:      dpeg_arrival_arbitrary_b, layout_basic
D:2:      layout_loops_ring, minmay_unequal
D:3:      layout_basic, mainiacjoe_overflow_tiny_flanked
D:4:      layout_rooms, mainiacjoe_overflow_large_starburst
D:5:      layout_basic, general_overflow_altar, serial_bayou_pond_b
D:6:      layout_basic, minmay_temple_entry_arrows, uniq_edmund,
          uniq_crazy_yiuf_cottage, uniq_maggie
D:7:      layout_cave_pools, amethyst_killhole, uniq_menkaure, uniq_joseph
D:8:      lemuel_ratsnest, layout_cave_pools, ebering_ghost_funeral_grove,
          grunt_decor_fettered, minmay_misc_feat_pillars,
          kennysheep_generic_room_11, uniq_pikel, uniq_amaemon
D:9:      layout_irregular_city, mainiacjoe_overflow_alcove_1,
          kennysheep_orc_monster_closet_entryway, serial_column_ruins,
          column_ruins_pillar_2, column_ruins_pillar_7, column_ruins_pillar_3,
          column_ruins_pillar_7, column_ruins_pillar_9, column_ruins_pillar_7,
          column_ruins_pillar_3, column_ruins_pillar_1, column_ruins_pillar_12,
          column_ruins_pillar_1, column_ruins_pillar_2, column_ruins_pillar_7,
          column_ruins_pillar_6, column_ruins_pillar_6, column_ruins_pillar_5,
          column_ruins_pillar_2, column_ruins_pillar_2, column_ruins_pillar_12,
          column_ruins_pillar_2, uniq_psyche

Skill      XL: |  1  2  3  4  5  6  7  8  9 10 |
---------------+-------------------------------+-----
Spellcasting   | 2 3 4 5 6 7 |  7.3
Conjurations   | 4 5 6 7 |  7.4
Air Magic      | 1 2 4 6 7 8 |  8.1
Summonings     | 1 3 4 5 |  5.0
Dodging        | 3 4 |  4.7
Fighting       | 2 4 |  4.2
Staves         | 2 |  2.8
Necromancy     | 2 |  2.3
Stealth        | |  1.7

Action                     |  1- 3 |  4- 6 |  7- 9 | 10-12 || total
---------------------------+-------+-------+-------+-------++-------
  Melee: Dagger            |     6 |       |       |       ||     6
         Unarmed           |     1 |       |       |       ||     1
         Staff             |       |       |     3 |    10 ||    13
   Cast: Magic Dart        |    78 |    52 |     7 |       ||   137
         Searing Ray       |     3 |    17 |     5 |       ||    25
         Airstrike         |       |       |    63 |    40 ||   103
         Summon Lightning  |       |       |     8 |    14 ||    22
         Lightning Bolt    |       |       |       |    13 ||    13
    Use: Potion            |       |     1 |       |     1 ||     2
         Scroll            |       |       |     7 |     3 ||    10
 Armour: Robe              |     7 |    12 |     8 |    31 ||    58
  Dodge: Dodged            |    16 |    16 |     8 |    47 ||    87

Table legend: (Time is in decaauts)
 A = Elapsed time spent in this place.
 B = Non-inter-level travel time spent in this place.
 C = Inter-level travel time spent in this place.
 D = Time resting spent in this place.
 E = Time spent auto-exploring this place.
 F = Levels seen in this place.
 G = Mean time per level.
                   A        B        C        D        E       F      G
               +--------+--------+--------+--------+--------+-----+--------+
         Total |   9690 |   9415 |    275 |   1919 |   6409 |   9 | 1076.7 |
       Dungeon |   9690 |   9415 |    275 |   1919 |   6409 |   9 | 1076.7 |
               +--------+--------+--------+--------+--------+-----+--------+

Top non-repeatable levels by time:
     D:8: 1844 daAuts
     D:1: 1524 daAuts
     D:6: 1251 daAuts
     D:5: 1151 daAuts
     D:7: 908 daAuts
     D:3: 862 daAuts
     D:4: 835 daAuts
     D:2: 828 daAuts
     D:9: 482 daAuts
